[Event "3rd FIDE WCCC Blitz G12 2019"]
[Site "Minsk"]
[Date "2019.08.18"]
[Round "1.1"]
[White "Ivanytska, Liudmyla"]
[Black "Putinceva, Marina"]
[Result "1-0"]
[ECO "C49"]
[WhiteElo "1539"]
[BlackElo "1476"]
[Annotator "NA"]
[PlyCount "123"]
[EventDate "2019.08.18"]
[EventType "swiss"]
[EventCountry "BLR"]
[SourceTitle "playchess.com"]
[Source "ChessBase"]
[SourceQuality "1"]
[TimeControl "300+2"]

1. e4 e5 2. Nc3 Nf6 3. Nf3 Nc6 4. Bb5 Bb4 5. O-O O-O 6. d3 Bxc3 7. bxc3 d6 8. h3 h6 9. Be3 a6 10. Bc4 Be6 11. Bb3 Bxb3 12. axb3 Qd7 13. c4 b6 14. Qd2 a5 15. Nh4 Ne7 16. f4 exf4 17. Bxf4 Ng6 18. Nf5 Nxf4 19. Qxf4 Qe6 20. Nxh6+ gxh6 21. Qxf6 Qxf6 22. Rxf6 Kg7 23. Raf1 Rae8 24. g4 Re6 25. R6f5 Re5 26. Re1 Rfe8 27. Rf4 c6 28. Ref1 R8e7 29. Kg2 Rd7 30. d4 Re8 31. d5 c5 32. Kf3 Re5 33. Ke3 Rde7 34. Kd3 Kg6 35. Rf6+ Kg7 36. R1f4 Rd7 37. h4 Kh7 38. Rxf7+ Rxf7 39. Rxf7+ Kg6 40. Rd7 Kf6 41. Rxd6+ Kf7 42. Rxh6 Re8 43. Rxb6 Ra8 44. Rb5 a4 45. bxa4 Rxa4 46. Rxc5 Ra3+ 47. c3 Ra1 48. e5 Rd1+ 49. Kc2 Rh1 50. h5 Rg1 51. Rc7+ Ke8 52. Rg7 Rg2+ 53. Kb3 Rg1 54. e6 Rb1+ 55. Kc2 Rb6 56. c5 Ra6 57. d6 Kf8 58. h6 Ra2+ 59. Kd3 Ra6 60. e7+ Ke8 61. Rg8+ Kd7 62. e8=Q# 1-0

[Event "3rd FIDE WCCC Blitz G12 2019"]
[Site "Minsk"]
[Date "2019.08.18"]
[Round "1.2"]
[White "Ton, Nu Quynh Duong"]
[Black "Basova, Yuliya"]
[Result "1-0"]
[ECO "D85"]
[WhiteElo "1304"]
[BlackElo "1770"]
[Annotator "NA"]
[PlyCount "106"]
[EventDate "2019.08.18"]
[EventType "swiss"]
[EventCountry "BLR"]
[SourceTitle "playchess.com"]
[Source "ChessBase"]
[SourceQuality "1"]
[TimeControl "300+2"]

1. d4 Nf6 2. c4 g6 3. Nc3 d5 4. cxd5 Nxd5 5. e4 Nxc3 6. bxc3 Bg7 7. Nf3 O-O 8. Be2 c5 9. Rb1 cxd4 10. cxd4 Nc6 11. d5 Ne5 12. Nxe5 Bxe5 13. O-O Qd6 14. f4 Bg7 15. Kh1 Rd8 16. Bf3 e6 17. e5 Qc5 18. d6 Rb8 19. Rb3 Bd7 20. Be3 Qa5 21. Qd3 a6 22. Bb6 Qa4 23. Bxd8 Bb5 24. Qb1 Bxf1 25. Bc7 Rf8 26. Qxf1 Qxa2 27. Rxb7 a5 28. d7 Qd2 29. Qd1 Qxf4 30. d8=Q Rxd8 31. Bxd8 Bxe5 32. g3 Qe3 33. Rb3 Qa7 34. Bb6 Qe7 35. Bxa5 Qf6 36. Qd8+ Kg7 37. Qxf6+ Bxf6 38. Rb7 e5 39. Bd5 Kh6 40. Rxf7 Bg5 41. Bb4 Kh5 42. Rxh7+ Kg4 43. Be6+ Kf3 44. Rf7+ Ke3 45. Bc5+ Ke4 46. h4 Be3 47. Bxe3 Kxe3 48. Rf6 Ke4 49. Rxg6 Kd4 50. h5 e4 51. Bg4 e3 52. h6 Kd3 53. h7 e2 1-0

[Event "3rd FIDE WCCC Blitz G12 2019"]
[Site "Minsk"]
[Date "2019.08.18"]
[Round "1.3"]
[White "Babic, Masa"]
[Black "Vu, My Linh"]
[Result "0-1"]
[ECO "E62"]
[WhiteElo "1719"]
[BlackElo "1467"]
[Annotator "NA"]
[PlyCount "104"]
[EventDate "2019.08.18"]
[EventType "swiss"]
[EventCountry "BLR"]
[SourceTitle "playchess.com"]
[Source "ChessBase"]
[SourceQuality "1"]
[TimeControl "300+2"]

1. Nf3 Nf6 2. g3 g6 3. Bg2 Bg7 4. O-O O-O 5. d4 d6 6. c4 Nc6 7. Nc3 e5 8. d5 Ne7 9. e4 Nd7 10. b3 h6 11. Bb2 f5 12. Qc2 Nc5 13. Nd2 g5 14. b4 Na6 15. a3 f4 16. Ne2 Bg4 17. f3 Bd7 18. g4 h5 19. h3 Rf6 20. c5 Bb5 21. Rfe1 hxg4 22. hxg4 Rh6 23. Nc3 Bd7 24. c6 bxc6 25. dxc6 Nxc6 26. Nd5 Ne7 27. Qc4 Be6 28. Nxe7+ Qxe7 29. Qxa6 Kf7 30. Kf2 c5 31. Rh1 Rah8 32. Rxh6 Rxh6 33. b5 c4 34. Bc3 Qc7 35. Qc6 Qb6+ 36. Qxb6 axb6 37. a4 Rh8 38. a5 bxa5 39. Rxa5 Rb8 40. Bb4 Bf8 41. Ra7+ Kf6 42. Ra5 Be7 43. Bf1 Bd8 44. Ra7 Bb6+ 45. Ke1 Bxa7 46. Nxc4 Rxb5 47. Bxd6 Rb1+ 48. Kd2 Rxf1 49. Bxe5+ Ke7 50. Bd6+ Kd7 51. e5 Rxf3 52. Nb2 Rf2+ 0-1

[Event "3rd FIDE WCCC Blitz G12 2019"]
[Site "Minsk"]
[Date "2019.08.18"]
[Round "1.4"]
[White "Shikhalieva, Ariana"]
[Black "Babic, Milana"]
[Result "0-1"]
[ECO "A45"]
[WhiteElo "1381"]
[BlackElo "1689"]
[Annotator "NA"]
[PlyCount "69"]
[EventDate "2019.08.18"]
[EventType "swiss"]
[EventCountry "BLR"]
[SourceTitle "playchess.com"]
[Source "ChessBase"]
[SourceQuality "1"]
[TimeControl "300+2"]

1. d4 Nf6 2. Bf4 d6 3. e3 g6 4. Nf3 Bg7 5. c3 O-O 6. Bd3 Nbd7 7. Nbd2 b6 8. O-O c5 9. Bg3 Bb7 10. Re1 Re8 11. Bb5 Ne4 12. Nxe4 Bxe4 13. dxc5 bxc5 14. Nd2 Bb7 15. Nb3 Rc8 16. Qd2 a6 17. Bxd7 Qxd7 18. Rad1 Qc6 19. f3 Red8 20. Qf2 Qb6 21. e4 e6 22. Re2 Bc6 23. Rxd6 Rxd6 24. Bxd6 Bb5 25. Rd2 Bh6 26. Rd1 Rd8 27. Qe1 Rxd6 28. Rxd6 Qxd6 29. h3 Qb6 30. Kh1 Bc4 31. Qd1 Bxb3 32. axb3 Bg7 33. Qc2 a5 34. Qd1 Be5 35. Kg1 0-1

[Event "3rd FIDE WCCC Blitz G12 2019"]
[Site "Minsk"]
[Date "2019.08.18"]
[Round "1.5"]
[White "Lomakina, Anzhelika"]
[Black "Darmaeva, Nomina"]
[Result "0-1"]
[ECO "B07"]
[WhiteElo "1732"]
[BlackElo "1389"]
[Annotator "NA"]
[PlyCount "99"]
[EventDate "2019.08.18"]
[EventType "swiss"]
[EventCountry "BLR"]
[SourceTitle "playchess.com"]
[Source "ChessBase"]
[SourceQuality "1"]
[TimeControl "300+2"]

1. e4 d6 2. d4 Nf6 3. Nc3 Nbd7 4. Nf3 e5 5. Bc4 Be7 6. O-O O-O 7. dxe5 dxe5 8. Bg5 c6 9. Qe2 Qc7 10. h3 b5 11. Bb3 Nc5 12. Qe3 Nxb3 13. axb3 Be6 14. Rfd1 a5 15. Bh4 h6 16. Bg3 Nd7 17. Rd3 f6 18. Rdd1 Bc5 19. Qe2 Qb6 20. Nh4 Kh7 21. Nf5 Bxf5 22. exf5 Rad8 23. Ne4 Be7 24. Qg4 Nc5 25. Qg6+ Kh8 26. Nc3 Qc7 27. Kh2 Bd6 28. Re1 Rfe8 29. Rad1 Nd7 30. Ne4 Be7 31. c4 Bb4 32. Re2 Nf8 33. Rxd8 Rxd8 34. Qg4 Qd7 35. Bh4 Be7 36. Rd2 Qe8 37. Qd1 Nh7 38. c5 Ng5 39. Bxg5 fxg5 40. Rxd8 Qxd8 41. Qxd8+ Bxd8 42. Nd6 Be7 43. Nb7 a4 44. b4 Kg8 45. Na5 Bf6 46. f3 e4 47. fxe4 Bxb2 48. Nxc6 a3 49. e5 Bxe5+ {[%emt 0:00:03] Ne7+ Kf7+ Nd5 a2+} 50. Kg1 0-1

[Event "3rd FIDE WCCC Blitz G12 2019"]
[Site "Minsk"]
[Date "2019.08.18"]
[Round "1.6"]
[White "Kulkova, Dina"]
[Black "Kirdyashkina, Ekaterina"]
[Result "1-0"]
[ECO "A20"]
[WhiteElo "1476"]
[BlackElo "1691"]
[Annotator "NA"]
[PlyCount "137"]
[EventDate "2019.08.18"]
[EventType "swiss"]
[EventCountry "BLR"]
[SourceTitle "playchess.com"]
[Source "ChessBase"]
[SourceQuality "1"]
[TimeControl "300+2"]

1. c4 e5 2. g3 Nc6 3. Bg2 Nf6 4. Nc3 g6 5. e3 Bg7 6. Nge2 O-O 7. O-O d6 8. a3 Be6 9. d3 Qc8 10. b3 Bh3 11. Bb2 Bxg2 12. Kxg2 Qe6 13. h3 Rad8 14. Qd2 d5 15. Qc2 d4 16. exd4 exd4 17. Nb5 Ne8 18. Rfe1 Qd7 19. a4 a6 20. Na3 Qf5 21. Rad1 Nf6 22. Qd2 Rfe8 23. Nc2 Qh5 24. Nf4 Qc5 25. Rxe8+ Rxe8 26. Re1 Rxe1 27. Qxe1 Qd6 28. Qd2 Nd7 29. Ba3 Qf6 30. Nd5 Qd8 31. Qe2 h6 32. Qf3 Nce5 33. Qe2 Nc6 34. f4 Kh7 35. Qf3 Nf6 36. Nxf6+ Qxf6 37. Qe4 Qe6 38. Qxe6 fxe6 39. Kf3 Kg8 40. Bb2 Kf7 41. Ke4 e5 42. fxe5 Bxe5 43. g4 Ke6 44. Bxd4 Nxd4 45. Nxd4+ Bxd4 46. Kxd4 a5 47. Ke4 g5 48. d4 b6 49. d5+ Kd7 50. Kf5 Kd6 51. Kg6 Kc5 52. Kxh6 Kb4 53. Kxg5 Kxb3 54. h4 Kxa4 55. h5 Kb3 56. h6 a4 57. h7 a3 58. h8=Q Kxc4 59. Qa1 Kb3 60. Kf5 b5 61. g5 b4 62. Qb1+ Ka4 63. g6 b3 64. g7 b2 65. Qe4+ Kb3 66. Qd3+ Kb4 67. Qb1 Kb3 68. g8=Q a2 69. d6+ 1-0

[Event "3rd FIDE WCCC Blitz G12 2019"]
[Site "Minsk"]
[Date "2019.08.18"]
[Round "2.1"]
[White "Misiuk, Monika"]
[Black "Ivanytska, Liudmyla"]
[Result "1/2-1/2"]
[ECO "D35"]
[WhiteElo "1339"]
[BlackElo "1539"]
[Annotator "NA"]
[PlyCount "63"]
[EventDate "2019.08.18"]
[EventType "swiss"]
[EventCountry "BLR"]
[SourceTitle "playchess.com"]
[Source "ChessBase"]
[SourceQuality "1"]
[TimeControl "300+2"]

1. d4 d5 2. c4 e6 3. Nc3 Nf6 4. cxd5 exd5 5. Bg5 c6 6. e3 Be7 7. Bd3 O-O 8. Qc2 h6 9. Bh4 Be6 10. Nf3 Nbd7 11. O-O b6 12. b3 c5 13. dxc5 bxc5 14. Rfd1 Qb6 15. Rac1 Rac8 16. Qe2 c4 17. Bc2 Ba3 18. Rb1 Qb4 19. Na4 Ne4 20. bxc4 Qxc4 21. Qxc4 Rxc4 22. Bb3 Rxa4 23. Bxa4 Nc3 24. Rb3 Nxd1 25. Rxa3 Nb6 26. Bxd1 Rc8 27. h3 Rc1 28. Rd3 Bf5 29. Rd2 Be4 30. Kf1 Nc4 31. Rd4 g5 32. Bg3 1/2-1/2

[Event "3rd FIDE WCCC Blitz G12 2019"]
[Site "Minsk"]
[Date "2019.08.18"]
[Round "2.2"]
[White "Babic, Milana"]
[Black "Dalatsenka, Volha"]
[Result "1-0"]
[ECO "E65"]
[WhiteElo "1689"]
[BlackElo "1380"]
[Annotator "NA"]
[PlyCount "83"]
[EventDate "2019.08.18"]
[EventType "swiss"]
[EventCountry "BLR"]
[SourceTitle "playchess.com"]
[Source "ChessBase"]
[SourceQuality "1"]
[TimeControl "300+2"]

1. Nf3 g6 2. g3 Bg7 3. Bg2 Nf6 4. O-O d6 5. d4 O-O 6. c4 c5 7. Nc3 Nc6 8. e3 cxd4 9. exd4 a6 10. b3 e5 11. dxe5 Nxe5 12. Bb2 Nxf3+ 13. Bxf3 Bh3 14. Re1 Qc7 15. Qd2 Rfe8 16. Bg2 Bxg2 17. Kxg2 Qc6+ 18. Kg1 Rad8 19. Rad1 Rxe1+ 20. Rxe1 Re8 21. Rd1 Rd8 22. Ba3 Ne8 23. Nd5 Kh8 24. Qf4 Qd7 25. Nb6 Qc7 26. Nd5 Qd7 27. Ne3 Be5 28. Qe4 Bg7 29. c5 Be5 30. Nc4 Qc7 31. cxd6 Bxd6 32. Nxd6 Nxd6 33. Bxd6 Rxd6 34. Qe5+ Kg8 35. Qxd6 Qc2 36. Qd2 Qc6 37. a4 Qb6 38. Qd8+ Qxd8 39. Rxd8+ Kg7 40. Rb8 b5 41. axb5 axb5 42. Rxb5 1-0

[Event "3rd FIDE WCCC Blitz G12 2019"]
[Site "Minsk"]
[Date "2019.08.18"]
[Round "2.3"]
[White "Jansone, Melanija Luize"]
[Black "Petrova, Elizaveta"]
[Result "0-1"]
[ECO "B41"]
[WhiteElo "1193"]
[BlackElo "1573"]
[Annotator "NA"]
[PlyCount "130"]
[EventDate "2019.08.18"]
[EventType "swiss"]
[EventCountry "BLR"]
[SourceTitle "playchess.com"]
[Source "ChessBase"]
[SourceQuality "1"]
[TimeControl "300+2"]

1. e4 c5 2. Nf3 e6 3. d4 cxd4 4. Nxd4 a6 5. Be3 Qc7 6. c3 Nf6 7. Nd2 Nc6 8. Be2 Be7 9. Rc1 O-O 10. O-O d6 11. f3 e5 12. Nf5 Be6 13. Nxe7+ Qxe7 14. a3 h6 15. Bc4 b5 16. Bxe6 Qxe6 17. Qe2 Rfd8 18. Rfd1 d5 19. exd5 Nxd5 20. Ne4 Nxe3 21. Qxe3 Na5 22. Ng3 Nc4 23. Qe2 f6 24. h3 Qb6+ 25. Kh1 Qe3 26. Qxe3 Nxe3 27. Re1 Nc4 28. Re2 Rd3 29. Ne4 Nd6 30. Nf2 Rd5 31. b3 Rd8 32. c4 Rc5 33. Nd3 Rcc8 34. Nb2 Nf5 35. Ree1 Rd2 36. Nd1 bxc4 37. bxc4 Rd4 38. Nf2 Rdxc4 39. Rcd1 Rd4 40. Rxd4 Nxd4 41. Ne4 Rc2 42. Rb1 Ra2 43. Rb8+ Kh7 44. Ra8 Rxa3 45. Nc5 Ra1+ 46. Kh2 a5 47. Nb7 a4 48. Nc5 a3 49. Nd3 Ra2 50. Nb4 Rb2 51. Nd3 Ra2 52. Nb4 Ra1 53. Nd3 Nb3 54. Nb4 Nd2 55. Nc2 Nf1+ 56. Kg1 Rc1 57. Nxa3 Ne3+ 58. Kf2 Nd5 59. Nb5 Rc2+ 60. Kg3 Nf4 61. Nd6 Rxg2+ 62. Kh4 Rh2 63. Kg3 Rxh3+ 64. Kf2 Rh2+ 65. Ke3 Re2# 0-1

[Event "3rd FIDE WCCC Blitz G12 2019"]
[Site "Minsk"]
[Date "2019.08.18"]
[Round "2.4"]
[White "Shubenkova, Veronika"]
[Black "Ton, Nu Quynh Duong"]
[Result "1-0"]
[ECO "E00"]
[WhiteElo "1740"]
[BlackElo "1304"]
[Annotator "NA"]
[PlyCount "115"]
[EventDate "2019.08.18"]
[EventType "swiss"]
[EventCountry "BLR"]
[SourceTitle "playchess.com"]
[Source "ChessBase"]
[SourceQuality "1"]
[TimeControl "300+2"]

1. d4 Nf6 2. c4 e6 3. a3 Be7 4. Nc3 O-O 5. e4 d5 6. e5 Nfd7 7. cxd5 exd5 8. Nxd5 c5 9. Nxe7+ Qxe7 10. Nf3 cxd4 11. Qxd4 Nc6 12. Qd6 Qxd6 13. exd6 Re8+ 14. Kd1 Nc5 15. Bf4 Bf5 16. b4 Na4 17. Rc1 a6 18. Kd2 Nb6 19. Bd3 Bxd3 20. Kxd3 Nd5 21. Bg3 f5 22. Rhe1 Rxe1 23. Rxe1 f4 24. Bh4 h6 25. Be7 Ndxe7 26. dxe7 Re8 27. Ke4 g5 28. Kf5 Nxe7+ 29. Kf6 Nd5+ 30. Kg6 Rc8 31. Kxh6 g4 32. Ne5 g3 33. hxg3 fxg3 34. fxg3 Rc3 35. Rd1 Rxg3 36. Rxd5 Kf8 37. Nd7+ Ke7 38. Nc5 Rxa3 39. Nxb7 Rg3 40. Rd2 Rg4 41. Na5 Kf6 42. Rf2+ Ke6 43. Nc6 Rc4 44. Re2+ Kf6 45. Rf2+ Ke6 46. Nd8+ Ke7 47. Nf7 Rxb4 48. Ne5 Rb6+ 49. Kg7 Rb5 50. Re2 Kd6 51. g4 Rxe5 52. Rxe5 Kxe5 53. g5 Kf5 54. g6 a5 55. Kf7 a4 56. g7 a3 57. g8=Q a2 58. Qa8 1-0

[Event "3rd FIDE WCCC Blitz G12 2019"]
[Site "Minsk"]
[Date "2019.08.18"]
[Round "2.5"]
[White "Vu, My Linh"]
[Black "Szczotka, Klara"]
[Result "1-0"]
[ECO "E20"]
[WhiteElo "1467"]
[BlackElo "1732"]
[Annotator "NA"]
[PlyCount "127"]
[EventDate "2019.08.18"]
[EventType "swiss"]
[EventCountry "BLR"]
[SourceTitle "playchess.com"]
[Source "ChessBase"]
[SourceQuality "1"]
[TimeControl "300+2"]

1. d4 Nf6 2. c4 e6 3. Nc3 Bb4 4. Bd2 O-O 5. Nf3 d5 6. cxd5 exd5 7. a3 Bd6 8. g3 a6 9. Bg2 Be6 10. O-O h6 11. Rc1 Nc6 12. Na2 Ne4 13. e3 Qe7 14. Bc3 Rfd8 15. Qb3 Rab8 16. Nd2 Nf6 17. Qc2 Qd7 18. Nb4 Nxb4 19. Bxb4 Bxb4 20. axb4 Rdc8 21. Rfd1 Qb5 22. Qc5 Qxc5 23. bxc5 b6 24. b4 bxc5 25. bxc5 Rb5 26. Bf1 Ra5 27. Ra1 Rxa1 28. Rxa1 Ra8 29. Rxa6 Rxa6 30. Bxa6 Nd7 31. f3 Nb8 32. Bb5 Bd7 33. Bxd7 Nxd7 34. e4 Nf6 35. Kf2 Kf8 36. h3 Ke7 37. Ke3 Ke6 38. Nb3 Kd7 39. Na5 Ke6 40. Nc6 Kd7 41. Na7 Ke6 42. Nb5 Kd7 43. Na7 Ke6 44. g4 Kd7 45. Kf4 Ke6 46. h4 Kd7 47. g5 hxg5+ 48. hxg5 Nh5+ 49. Kg4 g6 50. exd5 Ng7 51. Kf4 Nh5+ 52. Ke5 Ng3 53. Nb5 Nf5 54. c6+ Ke7 55. Nxc7 Kd8 56. d6 Ng7 57. Nb5 Ne6 58. c7+ Kc8 59. Na7+ Kb7 60. c8=Q+ Kxa7 61. Qxe6 fxe6 62. Kxe6 Kb6 63. d7 Kc7 64. Ke7 1-0

[Event "3rd FIDE WCCC Blitz G12 2019"]
[Site "Minsk"]
[Date "2019.08.18"]
[Round "2.6"]
[White "Darmaeva, Nomina"]
[Black "Zhapova, Yana"]
[Result "0-1"]
[ECO "B15"]
[WhiteElo "1389"]
[BlackElo "1809"]
[Annotator "NA"]
[PlyCount "71"]
[EventDate "2019.08.18"]
[EventType "swiss"]
[EventCountry "BLR"]
[SourceTitle "playchess.com"]
[Source "ChessBase"]
[SourceQuality "1"]
[TimeControl "300+2"]

1. e4 c6 2. d4 d5 3. Nc3 dxe4 4. Nxe4 Nf6 5. Ng3 c5 6. dxc5 Qxd1+ 7. Kxd1 Nc6 8. Bb5 Bg4+ 9. f3 O-O-O+ 10. Ke1 Bd7 11. N1e2 Nb4 12. Bd3 e6 13. Be3 Nfd5 14. Bd4 Nxd3+ 15. cxd3 Nb4 16. Rd1 Bb5 17. Rd2 Nxd3+ 18. Kf1 e5 19. Be3 Kb8 20. a3 Bxc5 21. Bxc5 Nxc5 22. Rxd8+ Rxd8 23. Kf2 Nd3+ 24. Ke3 Nxb2 25. Nf5 Nc4+ 26. Kf2 g6 27. Nfg3 Nxa3 28. Ra1 Nc2 29. Rc1 Nd4 30. Nc3 Ba6 31. Rb1 b6 32. Rb2 Bb7 33. Nge4 f5 34. Nd2 Rc8 35. Na2 Rc2 36. Rxc2 0-1

[Event "3rd FIDE WCCC Blitz G12 2019"]
[Site "Minsk"]
[Date "2019.08.18"]
[Round "3.1"]
[White "Komissarova, Soigina"]
[Black "Babic, Milana"]
[Result "*"]
[ECO "A15"]
[WhiteElo "1663"]
[BlackElo "1689"]
[Annotator "NA"]
[PlyCount "34"]
[EventDate "2019.08.18"]
[EventType "swiss"]
[EventCountry "BLR"]
[SourceTitle "playchess.com"]
[Source "ChessBase"]
[SourceQuality "1"]
[TimeControl "300+2"]

1. c4 Nf6 2. g3 d6 3. Bg2 Nbd7 4. Nc3 e5 5. e4 c6 6. d3 Be7 7. Nge2 O-O 8. O-O Qc7 9. h3 a6 10. a4 a5 11. Kh2 Nc5 12. Be3 Na6 13. f4 Nb4 14. d4 exd4 15. Nxd4 Be6 16. b3 Rfe8 17. Rc1 Rad8 *

[Event "3rd FIDE WCCC Blitz G12 2019"]
[Site "Minsk"]
[Date "2019.08.18"]
[Round "3.2"]
[White "Petrova, Elizaveta"]
[Black "Vlasova, Olesia"]
[Result "*"]
[ECO "A73"]
[WhiteElo "1573"]
[BlackElo "1799"]
[Annotator "NA"]
[PlyCount "38"]
[EventDate "2019.08.18"]
[EventType "swiss"]
[EventCountry "BLR"]
[SourceTitle "playchess.com"]
[Source "ChessBase"]
[SourceQuality "1"]
[TimeControl "300+2"]

1. d4 Nf6 2. c4 c5 3. d5 e6 4. Nc3 exd5 5. cxd5 d6 6. e4 g6 7. Nf3 Bg7 8. Be2 O-O 9. O-O Bg4 10. h3 Bxf3 11. Bxf3 a6 12. a4 Nbd7 13. Bf4 Qc7 14. Qd3 b6 15. Rfe1 Rfe8 16. Rac1 Ne5 17. Bxe5 Rxe5 18. Na2 Qb7 19. b4 Nd7 *

[Event "3rd FIDE WCCC Blitz G12 2019"]
[Site "Minsk"]
[Date "2019.08.18"]
[Round "3.3"]
[White "Kulkova, Dina"]
[Black "Shubenkova, Veronika"]
[Result "*"]
[ECO "A14"]
[WhiteElo "1476"]
[BlackElo "1740"]
[Annotator "NA"]
[PlyCount "34"]
[EventDate "2019.08.18"]
[EventType "swiss"]
[EventCountry "BLR"]
[SourceTitle "playchess.com"]
[Source "ChessBase"]
[SourceQuality "1"]
[TimeControl "300+2"]

1. c4 e6 2. g3 Nf6 3. Bg2 d5 4. Nf3 Be7 5. O-O O-O 6. d4 Ne4 7. Nbd2 f5 8. Qc2 c6 9. a3 Nd7 10. b3 Ndf6 11. Bb2 Bd7 12. Rac1 Bd6 13. c5 Bc7 14. Ne5 Be8 15. Ndf3 Qe7 16. b4 g5 17. h3 Nd7 *

[Event "3rd FIDE WCCC Blitz G12 2019"]
[Site "Minsk"]
[Date "2019.08.18"]
[Round "3.4"]
[White "Zhapova, Yana"]
[Black "Nguyen, Le Cam Hien"]
[Result "*"]
[ECO "B00"]
[WhiteElo "1809"]
[BlackElo "1579"]
[Annotator "NA"]
[PlyCount "27"]
[EventDate "2019.08.18"]
[EventType "swiss"]
[EventCountry "BLR"]
[SourceTitle "playchess.com"]
[Source "ChessBase"]
[SourceQuality "1"]
[TimeControl "300+2"]

1. e4 d6 2. d4 g6 3. f4 Bg7 4. Nf3 e6 5. Be2 Ne7 6. O-O O-O 7. Nc3 f5 8. Be3 h6 9. Qd2 Nd7 10. h3 Nf6 11. Bd3 d5 12. exf5 exf5 13. Ne5 Ne4 14. Nxe4 *

[Event "3rd FIDE WCCC Blitz G12 2019"]
[Site "Minsk"]
[Date "2019.08.18"]
[Round "3.5"]
[White "Yakymakha, Mariia"]
[Black "Vu, My Linh"]
[Result "*"]
[ECO "B08"]
[WhiteElo "1342"]
[BlackElo "1467"]
[Annotator "NA"]
[PlyCount "24"]
[EventDate "2019.08.18"]
[EventType "swiss"]
[EventCountry "BLR"]
[SourceTitle "playchess.com"]
[Source "ChessBase"]
[SourceQuality "1"]
[TimeControl "300+2"]

1. e4 g6 2. Nf3 Bg7 3. d4 d6 4. Nc3 Nf6 5. Be2 O-O 6. O-O e5 7. dxe5 dxe5 8. h3 Nc6 9. Be3 b6 10. Qxd8 Rxd8 11. Rad1 Bb7 12. Bg5 Nd4 *

[Event "3rd FIDE WCCC Blitz G12 2019"]
[Site "Minsk"]
[Date "2019.08.18"]
[Round "3.6"]
[White "Ivanytska, Liudmyla"]
[Black "Nguyen, Thu An"]
[Result "*"]
[ECO "B01"]
[WhiteElo "1539"]
[BlackElo "1024"]
[Annotator "NA"]
[PlyCount "33"]
[EventDate "2019.08.18"]
[EventType "swiss"]
[EventCountry "BLR"]
[SourceTitle "playchess.com"]
[Source "ChessBase"]
[SourceQuality "1"]
[TimeControl "300+2"]

1. e4 d5 2. exd5 Qxd5 3. Nc3 Qa5 4. d4 c6 5. Nf3 Bf5 6. Bc4 Nf6 7. O-O e6 8. Bb3 Be7 9. Bd2 Qc7 10. Re1 O-O 11. Ne5 Nbd7 12. Bf4 Bd6 13. h3 h6 14. Qf3 Rad8 15. Re2 a6 16. Rae1 c5 17. Nxd7 *

[Event "3rd FIDE WCCC Blitz G12 2019"]
[Site "Minsk"]
[Date "2019.08.18"]
[Round "4.1"]
[White "Babic, Milana"]
[Black "Vlasova, Olesia"]
[Result "0-1"]
[ECO "A05"]
[WhiteElo "1689"]
[BlackElo "1799"]
[Annotator "NA"]
[PlyCount "126"]
[EventDate "2019.08.18"]
[EventType "swiss"]
[EventCountry "BLR"]
[SourceTitle "playchess.com"]
[Source "ChessBase"]
[SourceQuality "1"]
[TimeControl "300+2"]

1. Nf3 Nf6 2. g3 c5 3. c4 g6 4. Nc3 Bg7 5. Bg2 O-O 6. O-O Nc6 7. e3 a6 8. d4 d6 9. d5 Na5 10. Nd2 Rb8 11. a4 Bd7 12. e4 b5 13. axb5 axb5 14. cxb5 Bxb5 15. Re1 Qb6 16. e5 dxe5 17. Rxe5 Rfe8 18. Re1 Nc4 19. Nxc4 Bxc4 20. Qf3 Rbd8 21. Rd1 Qb7 22. Be3 Qxb2 23. Bxc5 Nd7 24. Bd4 Ne5 25. Qe3 Ng4 26. Qf3 Bxd4 27. Rxd4 Ne5 28. Qd1 Qxc3 29. Rc1 Qb4 30. f4 Nd7 31. Rdxc4 Qb6+ 32. Kh1 Nf6 33. Rd4 Qd6 34. Rc6 Qa3 35. h3 h5 36. Kh2 Kg7 37. Qd2 Qa7 38. Qc3 Rd7 39. Rd3 Red8 40. Bf3 Kh7 41. Rc5 Qa6 42. g4 Qa2+ 43. Kg3 Qa7 44. Kh2 Rb8 45. Kg3 Qa2 46. Rd2 Qa7 47. g5 Ne8 48. Qd4 Nd6 49. Qc3 Nf5+ 50. Kg2 Rbd8 51. Rc6 Qb7 52. Rc5 e6 53. Kh2 exd5 54. Qf6 d4 55. Bxb7 Rxb7 56. Rc4 Rbd7 57. Rc1 d3 58. Rcd1 Kg8 59. Qc3 Rd6 60. Rxd3 Ne3 61. Kg3 Nxd1 62. Rxd1 Rxd1 63. Qc4 Re8 {[%emt 0:00:03] time} 0-1

[Event "3rd FIDE WCCC Blitz G12 2019"]
[Site "Minsk"]
[Date "2019.08.18"]
[Round "4.2"]
[White "Shubenkova, Veronika"]
[Black "Nguyen, Le Cam Hien"]
[Result "0-1"]
[ECO "A04"]
[WhiteElo "1740"]
[BlackElo "1579"]
[Annotator "NA"]
[PlyCount "198"]
[EventDate "2019.08.18"]
[EventType "swiss"]
[EventCountry "BLR"]
[SourceTitle "playchess.com"]
[Source "ChessBase"]
[SourceQuality "1"]
[TimeControl "300+2"]

1. Nf3 f5 2. d4 Nf6 3. c4 e6 4. Nc3 Be7 5. e3 d6 6. Bd3 O-O 7. O-O h6 8. Nh4 Qe8 9. Nf3 g5 10. e4 Nc6 11. d5 exd5 12. cxd5 fxe4 13. Nxe4 Nxe4 14. Bxe4 Ne5 15. Nxe5 dxe5 16. Qd3 Bd6 17. Bd2 Qf7 18. Rac1 Bf5 19. Bxf5 Qxf5 20. Qxf5 Rxf5 21. f3 Rd8 22. Rfd1 b6 23. Be3 Rf7 24. a3 Kg7 25. Rc2 Re8 26. Re2 Kg6 27. h3 e4 28. Bd4 Rfe7 29. fxe4 Rxe4 30. Rxe4 Rxe4 31. Kf1 Bg3 32. Bc3 Bd6 33. Kf2 Kf5 34. g4+ Kg6 35. Rd3 h5 36. gxh5+ Kxh5 37. Bd2 g4 38. hxg4+ Kxg4 39. Be3 Kf5 40. Kf3 Rg4 41. Bf2 Re4 42. Be3 Re8 43. Bd4 Re7 44. Be3 Rh7 45. Kg2 Ke4 46. Rc3 Be5 47. Rb3 Kxd5 48. Bf2 Rg7+ 49. Kf1 Rg4 50. Rd3+ Ke6 51. Rb3 c5 52. Ke2 Bd4 53. Bxd4 Rxd4 54. Re3+ Kd6 55. Re8 Kc6 56. Re7 a6 57. Ke3 Rd1 58. Re6+ Kb5 59. Ke2 Rd5 60. Re3 c4 61. Rc3 Kc5 62. Ke3 b5 63. Ke4 Rd4+ 64. Ke3 Rd1 65. Ke2 Rb1 66. Rc2 Rh1 67. Ke3 Rh3+ 68. Ke4 a5 69. Rg2 Rh4+ 70. Ke3 Rh5 71. Ke4 b4 72. axb4+ Kxb4 73. Rc2 Rh4+ 74. Kd5 a4 75. Rg2 Kb3 76. Kc5 a3 77. bxa3 Kxa3 78. Rg3+ Kb2 79. Rg2+ Kb3 80. Kb5 c3 81. Rg3 Kb2 82. Rg2+ c2 83. Kc5 Kb1 84. Rg1+ c1=Q+ 85. Rxc1+ Kxc1 86. Kd5 Kd2 87. Ke5 Kd3 88. Kd5 Rh5+ 89. Ke6 Kd4 90. Kf6 Rb5 91. Ke6 Ra5 92. Kf6 Ke4 93. Kg6 Kf4 94. Kh6 Rg5 95. Kh7 Kf5 96. Kh6 Rg2 97. Kh7 Kf6 98. Kh8 Kf7 99. Kh7 Rh2# 0-1

[Event "3rd FIDE WCCC Blitz G12 2019"]
[Site "Minsk"]
[Date "2019.08.18"]
[Round "4.3"]
[White "Vu, My Linh"]
[Black "Ivanytska, Liudmyla"]
[Result "1-0"]
[ECO "D02"]
[WhiteElo "1467"]
[BlackElo "1539"]
[Annotator "NA"]
[PlyCount "161"]
[EventDate "2019.08.18"]
[EventType "swiss"]
[EventCountry "BLR"]
[SourceTitle "playchess.com"]
[Source "ChessBase"]
[SourceQuality "1"]
[TimeControl "300+2"]

1. d4 d5 2. Nf3 Nf6 3. g3 b6 4. Bg2 Bb7 5. O-O e6 6. b3 Bd6 7. Bb2 Nbd7 8. c4 O-O 9. Nc3 c5 10. Nb5 Qe7 11. Nxd6 Qxd6 12. Rc1 Rac8 13. cxd5 exd5 14. Ne5 Qe6 15. Nxd7 Nxd7 16. e3 Rc7 17. Qd2 Rfc8 18. Rfd1 c4 19. bxc4 Rxc4 20. Rxc4 Rxc4 21. Rc1 b5 22. Bf1 Rxc1 23. Qxc1 Qc6 24. Qb1 h6 25. Qf5 Bc8 26. Bd3 Nf6 27. Qe5 a6 28. Qb8 Qb7 29. Qd6 Qd7 30. Qf4 a5 31. Qb8 b4 32. Ba6 Kh7 33. Bxc8 Qc6 34. Bf5+ g6 35. Bb1 Qc4 36. Qf4 Kg7 37. e4 g5 38. Qf5 Qe2 39. e5 Ng8 40. Qc2 Qe1+ 41. Kg2 a4 42. Qh7+ Kf8 43. a3 b3 44. Qd3 Ne7 45. Bc3 Qc1 46. Bb4 b2 47. Qc2 Ke8 48. Qxa4+ Kf8 49. Qc2 Ke8 50. Bc3 Nc6 51. Bxb2 Qxc2 52. Bxc2 Kd7 53. Bb3 Ke6 54. f4 Na5 55. Ba2 gxf4 56. gxf4 f6 57. Kf3 fxe5 58. fxe5 Nc6 59. Bc3 Ne7 60. a4 Kf5 61. Bb4 Nc6 62. Bc3 Ne7 63. a5 Ke6 64. a6 Nc6 65. Bb3 h5 66. Ba4 Na7 67. Bb4 h4 68. Bc5 h3 69. Bxa7 Ke7 70. Bc5+ Kd8 71. a7 Kc7 72. Bc6 Kxc6 73. a8=Q+ Kb5 74. Qb7+ Kc4 75. Qb4+ Kd3 76. Qb3+ Kd2 77. Bb4+ Kc1 78. Qc3+ Kb1 79. Qd2 Ka1 80. Bc3+ Kb1 81. Qb2# 1-0